[Event "*** SCC Grand Prix: Titled Tuesday Blitz"]
[Site "Chess.com"]
[Date "2020.07.21"]
[Round "5"]
[White "Nayemhaque22"]
[Black "Savva09022009"]
[Result "1-0"]
[WhiteElo "2208"]
[BlackElo "2440"]
[TimeControl "180+1"]
[EndTime "10:51:41 PDT"]
[Termination "Nayemhaque22 won by resignation"]

1. e4 c5 2. Nf3 d6 3. d4 cxd4 4. Nxd4 Nf6 5. Nc3 a6 6. h3 e5 7. Nb3 Be7 8. Be3 O-O 9. Qd2 a5 10. a4 Nc6 11. g4 Be6 12. g5 Nd7 13. h4 f6 14. Nb5 Nc5 15. Nxc5 dxc5 16. O-O-O Qxd2+ 17. Rxd2 Nd4 18. Bxd4 cxd4 19. Nc7 Bb4 20. Nxe6 Bxd2+ 21. Kxd2 Rfe8 22. Nc7 1-0

[Event "*** SCC Grand Prix: Titled Tuesday Blitz"]
[Site "Chess.com"]
[Date "2020.07.21"]
[Round "5"]
[White "Vision_64"]
[Black "NormWeinstein"]
[Result "0-1"]
[WhiteElo "2217"]
[BlackElo "2458"]
[TimeControl "180+1"]
[EndTime "10:51:42 PDT"]
[Termination "NormWeinstein won by resignation"]

1. e4 c5 2. Nf3 d6 3. d4 Nf6 4. Nc3 cxd4 5. Nxd4 Nc6 6. Bg5 e6 7. f4 Be7 8. Nxc6 bxc6 9. Bd3 h6 10. Bxf6 Bxf6 11. O-O O-O 12. Kh1 Rb8 13. e5 dxe5 14. Qe2 exf4 15. Qe4 g6 16. Qxf4 Bxc3 17. Qxb8 Bd4 18.
Rad1 Qb6 19. Bxg6 Qxb8 20. Rxd4 fxg6 0-1

[Event "*** SCC Grand Prix: Titled Tuesday Blitz"]
[Site "Chess.com"]
[Date "2020.07.21"]
[Round "5"]
[White "SamuelGhimpu2003"]
[Black "MidnightFox"]
[Result "0-1"]
[WhiteElo "2546"]
[BlackElo "2398"]
[TimeControl "180+1"]
[EndTime "10:51:50 PDT"]
[Termination "MidnightFox won by resignation"]

1. d4 Nf6 2. c4 g6 3. Nc3 d5 4. cxd5 Nxd5 5. e4 Nxc3 6. bxc3 Bg7 7. Nf3 c5 8. Be3 Nc6 9. d5 Bxc3+ 10. Bd2 Bxd2+ 11.
Qxd2 Nd4 12. Nxd4 cxd4 13. Qxd4 Qa5+ 14. Qd2 Qxd2+ 15. Kxd2 O-O 16. Bc4 Rd8 17. Ke3 e6 18. Rab1 b6 19. Rhd1 Bd7 20. d6 Rac8 21. Rbc1 Rc5 22.
f4 Rdc8 23. Kd4 b5 0-1

[Event "*** SCC Grand Prix: Titled Tuesday Blitz"]
[Site "Chess.com"]
[Date "2020.07.21"]
[Round "5"]
[White "SARGISMV"]
[Black "Alopekos"]
[Result "0-1"]
[WhiteElo "2497"]
[BlackElo "2369"]
[TimeControl "180+1"]
[EndTime "10:51:58 PDT"]
[Termination "Alopekos won by resignation"]

1. d4 Nf6 2. Nf3 e6 3. c4 d5 4. Nc3 c6 5. e3 Nbd7 6. Qc2 Bd6 7. Bd3 O-O 8. O-O dxc4 9. Bxc4 e5 10. h3 Qe7 11. a3 b5 12. Ba2 Bb7 13. b4 a5 14.
bxa5 Rxa5 15. Nh4 g6 16. Nxg6 hxg6 17. Qxg6+ Kh8 18. Ne4 fxg6 0-1

[Event "*** SCC Grand Prix: Titled Tuesday Blitz"]
[Site "Chess.com"]
[Date "2020.07.21"]
[Round "5"]
[White "kidagent"]
[Black "sm_sharon"]
[Result "1-0"]
[WhiteElo "2208"]
[BlackElo "2041"]
[TimeControl "180+1"]
[EndTime "10:51:58 PDT"]
[Termination "kidagent won by resignation"]

1. e4 g6 2. d4 Bg7 3. Nf3 d6 4. Nc3 a6 5. a4 b6 6. Bc4 Nf6 7. Qe2 O-O 8. O-O Nc6 9. Be3 e5 10. Rad1 exd4 11. Nxd4 Bb7 12. h3 h6 13. f4 Nxd4 14.
Bxd4 Re8 15. e5 Nh5 16. Qg4 d5 17. Bd3 c5 18. Bf2 c4 19. Bxc4 1-0

[Event "*** SCC Grand Prix: Titled Tuesday Blitz"]
[Site "Chess.com"]
[Date "2020.07.21"]
[Round "5"]
[White "vladgoncharov"]
[Black "Juanovic"]
[Result "1-0"]
[WhiteElo "2374"]
[BlackElo "2079"]
[TimeControl "180+1"]
[EndTime "10:52:06 PDT"]
[Termination "vladgoncharov won by resignation"]

1. d4 Nf6 2. c4 g6 3. Nc3 Bg7 4.
e4 d6 5. Nf3 Nbd7 6. Be2 O-O 7. O-O e5 8. b3 Re8 9. d5 a5 10. Be3 b6 11. Nd2 h6 12. a3 Nf8 13. b4 axb4 14. axb4 Bd7 15. Qc2 Ng4 16. Bxg4 Bxg4 17. c5 bxc5 18. bxc5 f5 19. f3 f4 20. Bf2 Bh5 21. Nc4 Qf6 22. Rxa8 Rxa8 23. Nb5 Rd8 24. Nxc7 g5 25. Nxd6 1-0

[Event "*** SCC Grand Prix: Titled Tuesday Blitz"]
[Site "Chess.com"]
[Date "2020.07.21"]
[Round "5"]
[White "praveenb2002"]
[Black "BillieKimbah"]
[Result "1-0"]
[WhiteElo "2768"]
[BlackElo "2883"]
[TimeControl "180+1"]
[EndTime "10:52:09 PDT"]
[Termination "praveenb2002 won by resignation"]

1. e4 c5 2. Nf3 e6 3. d4 cxd4 4. Nxd4 Nc6 5. Nc3 Qc7 6. Be3 a6 7. Be2 Nf6 8. O-O Be7 9. f4 d6 10. Qe1 Nxd4 11. Bxd4 b5 12. e5 dxe5 13. fxe5 Nd7 14.
Ne4 O-O 15. Nf6+ Kh8 16. Bd3 gxf6 17. exf6 Bc5 18. Qe4 Bxd4+ 19. Kh1 Nxf6 20. Rxf6 1-0

[Event "*** SCC Grand Prix: Titled Tuesday Blitz"]
[Site "Chess.com"]
[Date "2020.07.21"]
[Round "5"]
[White "tigra"]
[Black "iaraldinho"]
[Result "1-0"]
[WhiteElo "2849"]
[BlackElo "2537"]
[TimeControl "180+1"]
[EndTime "10:52:15 PDT"]
[Termination "tigra won by resignation"]

1. e4 c5 2. Nf3 a6 3. c3 d5 4.
exd5 Qxd5 5. d4 cxd4 6. Qxd4 Nf6 7. Bc4 Qxd4 8. Nxd4 e5 9. Nf3 Bd6 10. Be2 O-O 11.
Nbd2 Nc6 12. Ng5 h6 13. Nge4 Nxe4 14. Nxe4 Be7 15. g4 Be6 16. Be3 Bd5 17. f3 Bh4+ 18. Kd1 Rfd8 19. Kc2 Rac8 20. Nc5 Bg5 21. Bxg5 hxg5 22.
Rhd1 Nd4+ 23. cxd4 exd4 24. b4 b6 25. Bxa6 Rd6 1-0

[Event "*** SCC Grand Prix: Titled Tuesday Blitz"]
[Site "Chess.com"]
[Date "2020.07.21"]
[Round "5"]
[White "winniethepooh04"]
[Black "mikheeva86"]
[Result "1/2-1/2"]
[WhiteElo "2115"]
[BlackElo "1907"]
[TimeControl "180+1"]
[EndTime "10:52:17 PDT"]
[Termination "Game drawn by repetition"]

1. e4 e5 2. Nf3 Nc6 3. Bc4 Bc5 4.
c3 Nf6 5. d4 exd4 6. cxd4 Bb4+ 7. Nc3 Nxe4 8. O-O Bxc3 9. d5 Ne5 10. bxc3 Nxc4 11. Qd4 Ncd6 12. Qxg7 Qf6 13. Qxf6 Nxf6 14.
Re1+ Kf8 15. Bh6+ Kg8 16. Re5 Nfe4 17. Nd2 f6 18. Re7 Nxd2 19. Rg7+ Kf8 20. Rxh7+ Kg8 21. Rg7+ Kf8 22. Rh7+ Kg8 23. Rg7+ Kf8 24. Rh7+ 1/2-1/2

[Event "*** SCC Grand Prix: Titled Tuesday Blitz"]
[Site "Chess.com"]
[Date "2020.07.21"]
[Round "5"]
[White "KyrgyzFighter"]
[Black "elohunter1999"]
[Result "1-0"]
[WhiteElo "2330"]
[BlackElo "2471"]
[TimeControl "180+1"]
[EndTime "10:52:23 PDT"]
[Termination "KyrgyzFighter won by checkmate"]

1. c4 Nf6 2. Nc3 e6 3. e4 d5 4. e5 d4 5. exf6 dxc3 6. bxc3 Qxf6 7. Nf3 b6 8. d4 Bb7 9. Be2 Bd6 10. h3 h6 11. Rb1 Nd7 12. c5 Be4 13. cxd6 Bxb1 14. dxc7 Be4 15. Ba3 Qf4 16. Ne5 Nxe5 17. dxe5 Qxe5 18.
Qa4+ b5 19. Qxb5+ Qxb5 20. Bxb5+ Bc6 21. Bxc6# 1-0

[Event "*** SCC Grand Prix: Titled Tuesday Blitz"]
[Site "Chess.com"]
[Date "2020.07.21"]
[Round "5"]
[White "pfalcon1949"]
[Black "szefru"]
[Result "1-0"]
[WhiteElo "2004"]
[BlackElo "2124"]
[TimeControl "180+1"]
[EndTime "10:52:25 PDT"]
[Termination "pfalcon1949 won by checkmate"]

1. d4 d5 2. c4 c6 3. cxd5 Nf6 4. Nc3 cxd5 5. Bf4 e6 6. e3 Nc6 7. Rc1 Bb4 8. Bd3 O-O 9. Nf3 h6 10. O-O a6 11. Ne5 Nxe5 12. Bxe5 Nd7 13. Bf4 g5 14.
Bg3 f5 15. f3 Nf6 16. Qe2 Bd7 17. e4 Re8 18. exd5 Bxc3 19. bxc3 Nxd5 20. Qd2 Rc8 21.
Be5 Qa5 22. h4 f4 23. hxg5 hxg5 24. Bb1 Rxc3 25. g3 Qa3 26. Qh2 Rxc1 27. Qh7+ Kf8 28. Qg7# 1-0

[Event "*** SCC Grand Prix: Titled Tuesday Blitz"]
[Site "Chess.com"]
[Date "2020.07.21"]
[Round "5"]
[White "BeanScreen"]
[Black "maxip32"]
[Result "1-0"]
[WhiteElo "2692"]
[BlackElo "2428"]
[TimeControl "180+1"]
[EndTime "10:52:29 PDT"]
[Termination "BeanScreen won by resignation"]

1. e4 c5 2. Nf3 d6 3. d4 cxd4 4. Nxd4 Nf6 5. Nc3 a6 6. Be3 e5 7.
Nb3 Be6 8. h3 Be7 9. f4 exf4 10.
Bxf4 Nc6 11. Qe2 O-O 12. O-O-O Nd7 13. Qd2 Nde5 14. g4 Rc8 15. Kb1 Re8 16. g5 b5 17. h4 Nc4 18. Bxc4 bxc4 19. Nd4 Ne5 20. h5 Qb6 21. Ka1 Rb8 22. Rb1 Rec8 23. g6 hxg6 24.
hxg6 Nxg6 25. Qh2 Bf6 26. Qh7+ Kf8 27. Nxe6+ fxe6 28. Qxg6 Ke7 29. Bg5 1-0

[Event "*** SCC Grand Prix: Titled Tuesday Blitz"]
[Site "Chess.com"]
[Date "2020.07.21"]
[Round "5"]
[White "fabianvivasz"]
[Black "ASVZ"]
[Result "1-0"]
[WhiteElo "2305"]
[BlackElo "2442"]
[TimeControl "180+1"]
[EndTime "10:52:29 PDT"]
[Termination "fabianvivasz won by resignation"]

1. e4 e6 2. d4 d5 3. Nd2 Nc6 4. Ngf3 Nf6 5. e5 Nd7 6. Be2 f6 7. exf6 Qxf6 8. Nb3 e5 9. dxe5 Ndxe5 10. Qxd5 Be6 11.
Qe4 Bf5 12. Qe3 O-O-O 13. Nxe5 Nxe5 14. Qxa7 Bb4+ 15. c3 Nd3+ 16. Bxd3 Bxd3 17. Qa8+ Kd7 18. Qa4+ c6 19. Qxb4 Rhe8+ 20. Be3 Kc8 21. O-O-O Rxe3 22. fxe3 Qf2 23. Rd2 Qf3 24. gxf3 1-0

[Event "*** SCC Grand Prix: Titled Tuesday Blitz"]
[Site "Chess.com"]
[Date "2020.07.21"]
[Round "5"]
[White "kobemagic"]
[Black "yuliagok"]
[Result "1-0"]
[WhiteElo "2318"]
[BlackElo "2091"]
[TimeControl "180+1"]
[EndTime "10:52:31 PDT"]
[Termination "kobemagic won by checkmate"]

1. d4 Nf6 2. Bg5 b6 3. Bxf6 exf6 4. e3 d5 5. g3 Be7 6. Bg2 O-O 7. Ne2 Bb7 8. O-O Na6 9. a3 Rc8 10. Nd2 c5 11. c4 cxd4 12. Nxd4 Nc5 13. b4 Ne6 14. Nf5 Nc7 15. Rc1 Ba8 16. cxd5 g6 17.
Nxe7+ Qxe7 18. e4 f5 19. Re1 fxe4 20. Bxe4 Qf6 21. Bg2 Rfd8 22. Ne4 Qb2 23. Rc2 Qxa3 24. Nf6+ Kg7 25. Qd4 Nb5 26. Nh5+ Kh6 27. Qg7+ Kxh5 28. Re5+ f5 29. Qxh7+ Kg5 30. Qh4# 1-0

[Event "*** SCC Grand Prix: Titled Tuesday Blitz"]
[Site "Chess.com"]
[Date "2020.07.21"]
[Round "5"]
[White "bascheyaro"]
[Black "nikitakhoroshev"]
[Result "1-0"]
[WhiteElo "2725"]
[BlackElo "2541"]
[TimeControl "180+1"]
[EndTime "10:52:39 PDT"]
[Termination "bascheyaro won by checkmate"]

1. d4 Nf6 2. Nc3 d5 3. Bf4 c6 4. e3 Bf5 5. Nf3 e6 6. Ne5 Nbd7 7. g4 Bg6 8. h4 h5 9. Nxg6 fxg6 10. Bd3 Kf7 11.
g5 Ng8 12. Qf3 Ke7 13. Bxg6 e5 14. Bxe5 Nxe5 15. dxe5 Kd7 16. e4 d4 17. O-O-O Kc7 18. Ne2 Bc5 19. c3 d3 20. Rxd3 Qe7 21. Rhd1 Qxe5 22.
Qf7+ Kb6 23. Rd7 Rb8 24. Qb3+ Ka6 25. Qa4+ Kb6 26. f4 Be3+ 27. Kc2 Bxf4 28. Qb4+ Ka6 29. Bf7 Be3 30. Bc4+ b5 31. Qa3+ Kb6 32. Qxa7# 1-0

[Event "*** SCC Grand Prix: Titled Tuesday Blitz"]
[Site "Chess.com"]
[Date "2020.07.21"]
[Round "5"]
[White "VALPARAISO37"]
[Black "Evachess2006"]
[Result "1-0"]
[WhiteElo "2271"]
[BlackElo "1606"]
[TimeControl "180+1"]
[EndTime "10:52:44 PDT"]
[Termination "VALPARAISO37 won on time"]

1. d4 Nf6 2. c4 c5 3. d5 b5 4. cxb5 a6 5. b6 Qxb6 6. Nc3 d6 7. Nf3 Bb7 8. e4 Nbd7 9. Be2 g6 10.
Nd2 Bg7 11. O-O O-O 12. Nc4 Qc7 13. Bg5 Nb6 14. Ne3 h6 15. Bh4 e6 16. a4 exd5 17. a5 Nc4 18. Bxf6 1-0

[Event "*** SCC Grand Prix: Titled Tuesday Blitz"]
[Site "Chess.com"]
[Date "2020.07.21"]
[Round "5"]
[White "nocnypako"]
[Black "Mikasinski"]
[Result "0-1"]
[WhiteElo "2570"]
[BlackElo "2425"]
[TimeControl "180+1"]
[EndTime "10:52:46 PDT"]
[Termination "Mikasinski won by resignation"]

1. d4 Nf6 2. c4 g6 3. Nc3 Bg7 4. e4 d6 5. Nf3 O-O 6. Be2 e5 7. O-O Nc6 8. d5 Ne7 9. Ne1 Nd7 10. Be3 f5 11. f3 f4 12. Bf2 g5 13. b4 Ng6 14. c5 Nf6 15. b5 Rf7 16. b6 dxc5 17.
bxc7 Rxc7 18. d6 Rd7 19. Bxc5 Bf8 20. Nb5 a6 21. Qb3+ Kh8 22. Na3 Bxd6 23. Bxd6 Rxd6 24. Nc4 Rc6 25. Nc2 b5 26. Na5 Qxa5 27. Rad1 Be6 28. Qb4 Qb6+ 29. Kh1 Rxc2 30. Rd6 Rc6 31. Rfd1 Rac8 32.
Rxc6 Rxc6 33. a4 bxa4 34. Qxa4 Bb3 35. Qa3 Bxd1 0-1

[Event "*** SCC Grand Prix: Titled Tuesday Blitz"]
[Site "Chess.com"]
[Date "2020.07.21"]
[Round "5"]
[White "ZverevLev"]
[Black "maciejos95"]
[Result "0-1"]
[WhiteElo "2321"]
[BlackElo "2489"]
[TimeControl "180+1"]
[EndTime "10:52:46 PDT"]
[Termination "maciejos95 won by resignation"]

1. e4 e6 2. d4 d5 3. Nc3 Nf6 4.
Bg5 Be7 5. e5 Nfd7 6. h4 O-O 7.
Bxe7 Qxe7 8. f4 c5 9. Nf3 Nc6 10. Qd2 f6 11. O-O-O cxd4 12. Nxd4 fxe5 13. Nxe6 Qxe6 14.
Nxd5 Qd6 15. Bc4 Kh8 16. h5 h6 17. Kb1 Nb6 18. fxe5 Nxe5 19. Bb3 Nxd5 20. Bxd5 Bg4 21. Rde1 Rad8 22. c4 Nxc4 23. Qd4 Bf5+ 0-1

[Event "*** SCC Grand Prix: Titled Tuesday Blitz"]
[Site "Chess.com"]
[Date "2020.07.21"]
[Round "5"]
[White "Gandrade2"]
[Black "ichangedmyname_yup"]
[Result "0-1"]
[WhiteElo "2075"]
[BlackElo "2336"]
[TimeControl "180+1"]
[EndTime "10:52:51 PDT"]
[Termination "ichangedmyname_yup won by resignation"]

1. d4 d5 2. c4 dxc4 3. Nf3 Nf6 4. e3 Bg4 5. Bxc4 e6 6. O-O Bd6 7. Nbd2 Nc6 8. a3 O-O 9. h3 Bh5 10. Bd3 Qe7 11. b4 a6 12. Bb2 e5 13. dxe5 Nxe5 14. Be2 Bg6 15. Nxe5 Bxe5 16. Bxe5 Qxe5 17. Nf3 Qe7 18. Rc1 c6 19. Qb3 Rfd8 20. Rfd1 Be4 21. Rxd8+ Rxd8 22. Rd1 Bd5 23. Qb2 h6 24. Nd4 Qe5 25.
Qc1 Ne4 26. Nf3 Qc3 27. Qxc3 Nxc3 28. Rd3 Nxe2+ 0-1

[Event "*** SCC Grand Prix: Titled Tuesday Blitz"]
[Site "Chess.com"]
[Date "2020.07.21"]
[Round "5"]
[White "ljuks68"]
[Black "crescentmoon2411"]
[Result "0-1"]
[WhiteElo "2435"]
[BlackElo "2808"]
[TimeControl "180+1"]
[EndTime "10:52:52 PDT"]
[Termination "crescentmoon2411 won by resignation"]

1. e4 e6 2. d4 d5 3. Nc3 Bb4 4. e5 c5 5. a3 Bxc3+ 6. bxc3 Ne7 7. h4 Qc7 8. Nf3 b6 9. h5 h6 10. Bb5+ Bd7 11. Bd3 Ba4 12. dxc5 bxc5 13. c4 Nd7 14. Bf4 dxc4 15. Bxc4 Nb6 16. Bd3 Rd8 17. Qe2 c4 18. Be4 Bc6 19. O-O Bxe4 20. Qxe4 Qc6 21. Qe2 O-O 22.
Rfd1 Nbd5 23. Bh2 Nc3 24. Qe1 Nxd1 25. Rxd1 Rxd1 26. Qxd1 Qd5 27. Qe2 Rd8 28. Bf4 Qd1+ 29. Qxd1 Rxd1+ 30. Kh2 Nd5 0-1

[Event "*** SCC Grand Prix: Titled Tuesday Blitz"]
[Site "Chess.com"]
[Date "2020.07.21"]
[Round "5"]
[White "KratosKrieg"]
[Black "lrestevez"]
[Result "1-0"]
[WhiteElo "1932"]
[BlackElo "2112"]
[TimeControl "180+1"]
[EndTime "10:52:53 PDT"]
[Termination "KratosKrieg won by resignation"]

1. e4 e5 2. Nf3 Nc6 3. d4 exd4 4. Nxd4 Bc5 5. Be3 Qf6 6. Nb5 Bxe3 7. fxe3 Qh4+ 8. g3 Qxe4 9. Nxc7+ Kd8 10. Nxa8 Qxh1 11.
Qd6 Nge7 12. Nd2 f6 13. O-O-O Qxh2 14. Nc4 Qh6 15. Qc7+ Ke8 16. Nd6+ Kf8 17. Nxc8 Qxe3+ 18. Kb1 Kf7 19. Nxe7 Qxe7 20. Rxd7 Rxa8 21. Rxe7+ Nxe7 22. Bc4+ Kf8 23. Qxb7 Rd8 24. a3 h5 25. Qxa7 Rc8 1-0

[Event "*** SCC Grand Prix: Titled Tuesday Blitz"]
[Site "Chess.com"]
[Date "2020.07.21"]
[Round "5"]
[White "Cambek64"]
[Black "chessbia"]
[Result "0-1"]
[WhiteElo "2342"]
[BlackElo "2193"]
[TimeControl "180+1"]
[EndTime "10:52:54 PDT"]
[Termination "chessbia won by resignation"]

1. d4 d5 2. c4 c6 3. Nc3 Nf6 4. cxd5 cxd5 5. Bf4 a6 6. e3 Nc6 7. Bd3 Bg4 8. Nge2 e6 9. Rc1 Qb6 10. Qd2 Be7 11. h3 Bh5 12. O-O O-O 13. Na4 Qa7 14. Nc5 Rac8 15. b4 Bg6 16. a3 b5 17. Rfd1 Qb6 18.
Bg5 Rfd8 19. Rc3 a5 20. Qb2 axb4 21. axb4 Ra8 22. Bxf6 Bxf6 23. Ra3 Bxd3 24. Rdxd3 h6 25. Rxa8 Rxa8 26. Ra3 Qd8 27. Nc3 Rxa3 28. Qxa3 e5 29. Nxb5 exd4 30. Nxd4 Nxd4 31. exd4 Bxd4 32. Nd3 Bb6 33.
b5 Qf6 34. Qa8+ Qd8 35. Qxd5 Qxd5 0-1

[Event "*** SCC Grand Prix: Titled Tuesday Blitz"]
[Site "Chess.com"]
[Date "2020.07.21"]
[Round "5"]
[White "GelmanAlexander"]
[Black "silverback96"]
[Result "1-0"]
[WhiteElo "2570"]
[BlackElo "2254"]
[TimeControl "180+1"]
[EndTime "10:52:58 PDT"]
[Termination "GelmanAlexander won by resignation"]

1. c4 Nf6 2. Nf3 c5 3. e3 g6 4. Be2 Bg7 5. O-O O-O 6. d3 Nc6 7. a3 d5 8. cxd5 Nxd5 9. Nbd2 e5 10. Qc2 Qe7 11. Ne4 b6 12. b4 f5 13. Qb3 Be6 14.
Neg5 e4 15. Nxe6 Qxe6 16. Ng5 Bxa1 17. Nxe6 1-0

[Event "*** SCC Grand Prix: Titled Tuesday Blitz"]
[Site "Chess.com"]
[Date "2020.07.21"]
[Round "5"]
[White "Tactictic"]
[Black "TudorAnton"]
[Result "1-0"]
[WhiteElo "2384"]
[BlackElo "2506"]
[TimeControl "180+1"]
[EndTime "10:52:59 PDT"]
[Termination "Tactictic won by resignation"]

1. e4 e5 2. Nf3 Nc6 3. Bc4 Nf6 4. d3 Bc5 5. O-O d6 6. a4 Bg4 7. c3 a5 8. Nbd2 Qd7 9. Re1 h6 10. Bb5 O-O 11. h3 Bh5 12. Nf1 Qc8 13. Ng3 Bg6 14.
Nh4 Kh7 15. Nhf5 Ng8 16. Be3 Bxe3 17. Nxe3 Nce7 18. d4 c6 19. Bd3 f6 20. h4 Kh8 21.
Rc1 c5 22. dxc5 dxc5 23. Bc4 Rd8 24. Qb3 Qc6 25. Nd5 Nxd5 26. Bxd5 Qc7 27. Rcd1 Be8 28. Bxg8 1-0

[Event "*** SCC Grand Prix: Titled Tuesday Blitz"]
[Site "Chess.com"]
[Date "2020.07.21"]
[Round "5"]
[White "gena217"]
[Black "ftorodent"]
[Result "1-0"]
[WhiteElo "2904"]
[BlackElo "2639"]
[TimeControl "180+1"]
[EndTime "10:53:01 PDT"]
[Termination "gena217 won by resignation"]

1. e4 e6 2. d4 d5 3. Nd2 c5 4. exd5 exd5 5. Ngf3 Nc6 6. Bb5 Bd6 7. O-O Ne7 8. dxc5 Bxc5 9. Nb3 Bd6 10. Re1 O-O 11.
h3 h6 12. c3 Bf5 13. Be3 Rc8 14. Bd3 Re8 15. Qd2 Bb8 16. Rad1 Bxd3 17. Qxd3 Qc7 18. g3 Rcd8 19. Kg2 Ng6 20. Nbd4 Re4 21. Bc1 Qe7 22. Nxc6 1-0

[Event "*** SCC Grand Prix: Titled Tuesday Blitz"]
[Site "Chess.com"]
[Date "2020.07.21"]
[Round "5"]
[White "White_Ghost"]
[Black "bsnsun"]
[Result "0-1"]
[WhiteElo "2530"]
[BlackElo "2395"]
[TimeControl "180+1"]
[EndTime "10:53:10 PDT"]
[Termination "bsnsun won by resignation"]

1. d4 Nf6 2. c4 e6 3. Nf3 d5 4. g3 dxc4 5. Bg2 a6 6. O-O Nc6 7.
e3 Rb8 8. Nbd2 b5 9. a4 Bb7 10. axb5 axb5 11. Nb1 Be7 12. b3 cxb3 13. Nbd2 Nb4 14.
Nxb3 O-O 15. Bb2 Be4 16. Qd2 Qd5 17. Bc3 Qxb3 18. Rfc1 Nd3 19. Rcb1 Qd5 20. Nh4 b4 21. Bxe4 Nxe4 22. Qxd3 Nxc3 23. Rc1 Bxh4 24. gxh4 Qf3 25. Rc2 Qg4+ 26. Kh1 Qxh4 27. Rg1 Qe4+ 28. Qxe4 Nxe4 29. Rxc7 b3 30. f3 b2 31. Rb1 Nd2 0-1

[Event "*** SCC Grand Prix: Titled Tuesday Blitz"]
[Site "Chess.com"]
[Date "2020.07.21"]
[Round "5"]
[White "MagnusSeinFanboy"]
[Black "PawnEatingZombie"]
[Result "1-0"]
[WhiteElo "2518"]
[BlackElo "2240"]
[TimeControl "180+1"]
[EndTime "10:53:11 PDT"]
[Termination "MagnusSeinFanboy won by resignation"]

1. d4 d5 2. c4 e6 3. Nc3 Bb4 4. a3 Bxc3+ 5. bxc3 c6 6. a4 Ne7 7. e3 O-O 8. Nf3 b6 9. cxd5 cxd5 10. Bb5 a6 11.
Bd3 Nbc6 12. O-O Na5 13. e4 Bb7 14. e5 h6 15. Bc2 Rc8 16. Qd3 Ng6 17. h4 Re8 18. h5 Nf8 19. Nh2 Qc7 20. Bd2 Qc4 21. Qg3 Nb3 22. Bxh6 1-0

[Event "*** SCC Grand Prix: Titled Tuesday Blitz"]
[Site "Chess.com"]
[Date "2020.07.21"]
[Round "5"]
[White "2346PL"]
[Black "keepitcool9499"]
[Result "0-1"]
[WhiteElo "2395"]
[BlackElo "2568"]
[TimeControl "180+1"]
[EndTime "10:53:14 PDT"]
[Termination "keepitcool9499 won by resignation"]

1. d4 e6 2. Nf3 Nf6 3. Bg5 d5 4. e3 Be7 5. Bd3 O-O 6. Nbd2 h6 7. Bh4 Nbd7 8. O-O b6 9. Ne5 Nxe5 10. dxe5 Nd7 11.
Bxe7 Qxe7 12. f4 Bb7 13. Qh5 Nc5 14. Nf3 Nxd3 15. cxd3 c5 16. g4 d4 17. e4 Ba6 18.
Rad1 c4 19. g5 cxd3 20. gxh6 g6 21. Qh3 Rfc8 22. f5 exf5 23. exf5 d2 24. f6 Bxf1 25. Kxf1 Qb4 26. Rxd2 Rc1+ 27. Kg2 Rac8 28. h7+ Kh8 29. Ng5 Qxd2+ 30. Kg3 0-1

[Event "*** SCC Grand Prix: Titled Tuesday Blitz"]
[Site "Chess.com"]
[Date "2020.07.21"]
[Round "5"]
[White "checkmatequen"]
[Black "LisikValera"]
[Result "1/2-1/2"]
[WhiteElo "2306"]
[BlackElo "2461"]
[TimeControl "180+1"]
[EndTime "10:53:18 PDT"]
[Termination "Game drawn by agreement"]

1. e4 e6 2. d4 d5 3. Nd2 Nc6 4.
Ngf3 Nf6 5. Bd3 Nb4 6. e5 Nxd3+ 7.
cxd3 Ng8 8. O-O Ne7 9. Nh4 Ng6 10. Nxg6 hxg6 11. h3 Be7 12. f4 Bd7 13. Nf3 c5 14.
dxc5 Bxc5+ 15. d4 Be7 16. Bd2 Qb6 17. Qb3 Qxb3 18. axb3 O-O 19. Rfc1 Bc6 20. b4 a6 21. Ne1 f6 22. Nd3 g5 23. fxg5 fxg5 24. Nc5 Bxc5 25. bxc5 g4 26. hxg4 Rf7 27. Rf1 Rxf1+ 28. Rxf1 Be8 29. Kh2 Bg6 30. Kg3 Be4 31. b4 Rc8 32. Ra1 Bd3 33. Ra3 Bc4 34. g5 Rf8 35. Rf3 Rxf3+ 36. gxf3 g6 37. f4 Kf7 38. Kf2 Ke8 39. Ke3 Kd7 40. Bc3 Kc6 41. Kd2 Bf1 42. Kc2 Kb5 43. Kb3 Bc4+ 44. Kb2 Bd3 45. Kb3 Bf5 46. Bd2 1/2-1/2

[Event "*** SCC Grand Prix: Titled Tuesday Blitz"]
[Site "Chess.com"]
[Date "2020.07.21"]
[Round "5"]
[White "Caterpiller35"]
[Black "Speshka"]
[Result "1-0"]
[WhiteElo "2449"]
[BlackElo "2227"]
[TimeControl "180+1"]
[EndTime "10:53:19 PDT"]
[Termination "Caterpiller35 won by resignation"]

1. d4 Nf6 2. Bg5 Ne4 3. Bf4 g5 4. Bc1 c5 5. f3 Nd6 6. dxc5 Qa5+ 7. Qd2 Qxc5 8. Qxg5 Qb4+ 9. Bd2 Qb6 10. Bc3 f6 11. Qh5+ Nf7 12. Nd2 Nc6 13. e4 Qe3+ 14. Kd1 Ne5 15.
Bxe5 fxe5 16. Bc4 e6 17. Nh3 Qd4 18. Ng5 Qxb2 19. Qxf7+ Kd8 20. Rb1 Qd4 21. Qf6+ Be7 22. Qxh8+ Kc7 23. h4 a5 24. Qxh7 Bb4 25. Nxe6+ 1-0

[Event "*** SCC Grand Prix: Titled Tuesday Blitz"]
[Site "Chess.com"]
[Date "2020.07.21"]
[Round "5"]
[White "Konavets"]
[Black "jerry_77"]
[Result "1-0"]
[WhiteElo "3042"]
[BlackElo "2377"]
[TimeControl "180+1"]
[EndTime "10:53:21 PDT"]
[Termination "Konavets won by resignation"]

1. c4 Nf6 2. g3 e6 3. Bg2 d5 4. Nf3 Be7 5. O-O O-O 6. b3 d4 7. e3 c5 8. exd4 cxd4 9. d3 Nc6 10. Na3 Re8 11. Nc2 e5 12. Re1 Bf8 13. a3 a5 14. Bg5 h6 15. Bxf6 Qxf6 16. Nd2 Bf5 17. Ne4 Qd8 18. Qd2 Bg6 19. g4 f5 20.
gxf5 Bxf5 21. b4 axb4 22. axb4 Rxa1 23. Rxa1 Re6 24. b5 Ne7 25. Ng3 Bg6 26. Bxb7 Nf5 27. Bd5 Qf6 28. b6 Nh4 29. b7 Bd6 30. c5 Bc7 31.
Qe2 Kh7 32. Qg4 Re8 33. Be4 Bxe4 34. Qxe4+ Kh8 35. Ra8 Bb8 36. Ne1 Ng6 37. c6 Rf8 38. Rxb8 Qxf2+ 39. Kh1 Rxb8 40. c7 Rxb7 41. c8=Q+ Kh7 42.
Qcxb7 h5 43. Qbc6 h4 44. Qexg6+ Kg8 45. Qce8+ 1-0

[Event "*** SCC Grand Prix: Titled Tuesday Blitz"]
[Site "Chess.com"]
[Date "2020.07.21"]
[Round "5"]
[White "harlem4brew"]
[Black "Klaus1995"]
[Result "1-0"]
[WhiteElo "2116"]
[BlackElo "1893"]
[TimeControl "180+1"]
[EndTime "10:53:21 PDT"]
[Termination "harlem4brew won by checkmate"]

1. Nf3 d5 2. d4 e6 3. c4 Nf6 4. Nc3 a6 5. Bg5 dxc4 6. e4 Be7 7.
e5 Nd5 8. Bxe7 Qxe7 9. Bxc4 c6 10. Ne4 Qb4+ 11. Nfd2 O-O 12. Rb1 b5 13. Bd3 Qxd4 14. Nf3 Qb4+ 15. Kf1 Nd7 16. Bc2 f5 17. Neg5 Nc5 18. a3 Qf4 19. g3 Qg4 20. h3 Qh5 21. Kg2 h6 22. b4 Na4 23. Bxa4 bxa4 24. h4 f4 25. Qc2 fxg3 26. Qh7# 1-0